[Event "Hokkaido Ch.2017"]
[Site "Sapporo"]
[Date "2017.03.26"]
[Round "4.7"]
[White "Sato, Yasuji"]
[Black "Sato, Takeru"]
[Result "0-1"]
[ECO "B04"]
[WhiteElo "1555"]
[BlackElo "1230"]
[Annotator "Nishimori,Toshiyuki"]
[PlyCount "72"]
[TimeControl "240+2"]

{256MB, Fritz11.ctg, TN080515} 1. e4 Nf6 2. e5 Nd5 3. d4 d6 4. Nf3 Nc6 5. Bc4
Nb6 6. Bxf7+ Kxf7 7. Ng5+ Kg8 8. e6 h6 9. Nf7 Qe8 10. Qh5 Bxe6 11. Nxh6+ gxh6
12. Qh4 Qg6 13. Nc3 Nd5 14. Ne4 Nxd4 15. O-O Nf3+ 16. Kh1 Nxh4 17. Ng3 Bg7 18.
c3 Rf8 19. f3 Be5 20. Rf2 Bxg3 21. hxg3 Qxg3 22. Kg1 Bh3 23. Kf1 Nxg2 24. Ke2
Ngf4+ 25. Bxf4 Nxf4+ 26. Ke3 Nd5+ 27. Ke2 Bg4 28. Raf1 Bh3 29. Re1 Bg2 30. Rg1
Bxf3+ 31. Rxf3 Qxg1 32. Rxf8+ Kxf8 33. c4 Qe3+ 34. Kd1 Qd3+ 35. Kc1 Nb4 36. b3
Qc2# 0-1

[Event "Hokkaido Ch.2017"]
[Site "Sapporo"]
[Date "2017.03.26"]
[Round "4.8"]
[White "Kudo, Sonosuke"]
[Black "Kimura, Yusei"]
[Result "0-1"]
[ECO "C50"]
[WhiteElo "952"]
[BlackElo "1009"]
[Annotator "Nishimori,Toshiyuki"]
[PlyCount "70"]
[TimeControl "240+2"]

{256MB, Fritz11.ctg, TN080515} 1. e4 e5 2. Nf3 Nc6 3. Bc4 Bc5 4. O-O d6 5. d3
Bg4 6. h3 Bh5 7. g4 Bg6 8. Ng5 Qe7 9. Nxf7 Bxf7 10. Bxf7+ Qxf7 11. Be3 Bd4 12.
Bxd4 Nxd4 13. Qd2 Nf3+ 14. Kg2 Nxd2 15. Nxd2 O-O-O 16. Nf3 h6 17. d4 Rf8 18.
Nd2 exd4 19. b3 d5 20. exd5 Qxd5+ 21. f3 Rf6 22. Rae1 Re6 23. Rxe6 Qxe6 24. Ne4
Nf6 25. Nc5 Qc6 26. b4 Nd7 27. Nxd7 Qxd7 28. Rc1 Qa4 29. c3 d3 30. Re1 Qxa2+
31. Kg1 d2 32. Rf1 Re8 33. Kf2 d1=Q+ 34. Kg1 Re1 35. Rxe1 Qxe1# 0-1